 Dungeon Crawl Stone Soup version 0.22.1-1-ga44c0e5 (webtiles) character file.

85 Fang the Skirmisher (level 4, -8/29 HPs)
             Began as a Gargoyle Berserker on Oct 3, 2018.
             Was a Believer of Trog.
             Mangled by Sigmund
             ... wielding a +0 scythe
              (9 damage)
             ... on level 2 of the Dungeon.
             The game lasted 00:02:09 (1520 turns).

Fang the Skirmisher (Gargoyle Berserker)            Turns: 1520, Time: 00:02:09

Health: -8/29      AC:  5    Str: 22    XL:     4   Next: 48%
Magic:  4/4        EV: 12    Int:  7    God:    Trog [**....]
Gold:   128        SH:  0    Dex:  9    Spells: 3/3 levels left

rFire    . . .     SeeInvis .   a - +0 hand axe
rCold    . . .     Gourm    .   (no shield)
rNeg     + . .     Faith    .   b - +0 animal skin
rPois    ∞         Spirit   .   (no helmet)
rElec    +         Reflect  .   (no cloak)
rCorr    .         Harm     .   (no gloves)
MR       .....                  (no boots)
Stlth    +.........             (no amulet)
HPRegen  0.09/turn              (no ring)
MPRegen  0.09/turn              (no ring)

@: berserk cooldown, slowed, very slow
A: negative energy resistance 1, electricity resistance, unbreathing,
petrification resistance, rot immunity, AC +3
a: Berserk, Trog's Hand, Renounce Religion


You were on level 2 of the Dungeon.
You worshipped Trog.
Trog was pleased with you.
You were very hungry.

You visited 1 branch of the dungeon, and saw 2 of its levels.

You collected 128 gold pieces.

Inventory:

Hand Weapons
 a - a +0 hand axe (weapon)
Armour
 b - a +0 animal skin (worn)
Wands
 g - a wand of flame (20)
Scrolls
 e - a scroll of teleportation {unknown}
 f - a scroll of amnesia {unknown}
 h - a scroll of identify {unknown}
Potions
 d - a potion of invisibility {unknown}
 i - a potion of mutation {unknown}
 j - 2 potions of haste {unknown}
Comestibles
 c - 7 rations
 k - a chunk of flesh


   Skills:
 + Level 4.1 Fighting
 + Level 3.7 Axes
 + Level 2.4 Armour
 + Level 2.0 Dodging
 + Level 0.4 Stealth


You had 3 spell levels left.
You didn't know any spells.
Your spell library was empty.

Dungeon Overview and Level Annotations

Branches:
Dungeon (2/15)

Altars:

Annotations:
D:2 2 exclusions, Sigmund


Innate Abilities, Weirdness & Mutations

You are resistant to torment.
Your stone body is resilient. (AC +3)
You are immune to poison.
You resist negative energy. (rN+)
You are resistant to electric shocks. (rElec)
You can survive without breathing.
You are immune to petrification.
You are immune to rotting.


Message History

You hear some strange, mumbled words.
You are confused.
You miss something.
You hear some strange, mumbled words.
A magic dart appears from out of thin air!
The magic dart hits you!
* * * LOW HITPOINT WARNING * * *
You miss something. Something hits you.
* * * LOW HITPOINT WARNING * * *
You feel a strong urge to attack something.
You are no longer berserk.
You are exhausted.
You feel yourself slow down. Something hits you.
* * * LOW HITPOINT WARNING * * *
You feel less confused. Something hits you but does no damage.
You miss something. Something hits you!
You die...

.. #########
...#?......#
...#.......#
..........?#####
...........!..#
#.......# #.......#
.. #...@..(# .
#.......# ##.
####.#....... #..
#####.#.######
#.####.......#
#######.##...####.##
#....##.#......# .#
#..[.##........# .#
#..............##..
...


There were no monsters in sight!

Vanquished Creatures
  Robin (D:2)
  A gnoll (D:1)
  An adder (D:2)
  An ooze (D:2)
  2 dart slugs (D:1)
  A giant cockroach (D:1)
  9 goblins
  12 hobgoblins
  6 kobolds
  A quokka (D:2)
  A ball python (D:2)
  A bat (D:2)
  3 frilled lizards (D:1)
  4 rats
44 creatures vanquished.

Notes
Turn   | Place    | Note
-------+----------+-------------------------------------------
     0 | D:1      | Fang the Gargoyle Berserker began the quest for the Orb.
     0 | D:1      | Reached XP level 1. HP: 14/14 MP: 1/1
    15 | D:1      | Reached XP level 2. HP: 19/19 MP: 2/2
   369 | D:1      | Reached XP level 3. HP: 24/24 MP: 3/3
  1180 | D:2      | Noticed Robin
  1189 | D:2      | Reached skill level 4 in Fighting
  1189 | D:2      | Killed Robin
  1189 | D:2      | Reached XP level 4. HP: 29/29 MP: 4/4
  1248 | D:2      | Reached ** piety under Trog
  1500 | D:2      | Noticed Sigmund
  1517 | D:2      | HP: 1/29 [something (5)]
  1520 | D:2      | Mangled by Sigmund

Skill      XL: |  1  2  3 |
---------------+----------+-----
Axes           | 3 |  3.7
Fighting       | 4 |  4.1
Dodging        | 2 |  2.0
Armour         | |  2.4
Stealth        | |  0.4

Action                   |  1- 3 |  4- 6 || total
-------------------------+-------+-------++-------
Melee: Hand axe          |    64 |    53 ||   117
Invok: Berserk           |     2 |     1 ||     3
  Eat: Chunk             |     1 |     3 ||     4
Armor: Animal skin       |    23 |    14 ||    37
Dodge: Dodged            |    35 |    33 ||    68
